 Dungeon Crawl Stone Soup version 0.30-a0-3-gc9032a9cac (webtiles) character file.

Game seed: 9512914137614052134

338 Jardren the Vexing (level 6, -4/28 HPs)
             Began as a Spriggan Enchanter on Aug 20, 2022.
             Slain by an orc warrior
             ... wielding a +0 halberd
              (11 damage)
             ... on level 4 of the Dungeon.
             The game lasted 00:07:02 (3601 turns).

Jardren the Vexing (Spriggan Enchanter)             Turns: 3601, Time: 00:07:03

Health: -4/28      AC:  3    Str:  6    XL:     6   Next: 29%
Magic:  2/15       EV: 17    Int: 16    God:
Gold:   184        SH:  0    Dex: 16    Spells: 5/16 levels left

rFire   . . .      SeeInvis +    e - +4 dagger
rCold   . . .      Faith    .    (no shield)
rNeg    . . .      Spirit   .    b - +0 robe
rPois   .          Reflect  +    (helmet restricted)
rElec   .          Harm     .    f - +0 cloak
rCorr   .          Rampage  .    (gloves unavailable)
Will    +....                    (boots unavailable)
Stlth   +.........               g - amulet of reflection
HPRegen 0.09/turn                (no ring)
MPRegen 0.14/turn                (no ring)

@: confused, very quick
A: very small, no large weapons, unfitting armour, see invisible, speed 3
a: no special abilities


You were on level 4 of the Dungeon.
You visited 1 branch of the dungeon, and saw 4 of its levels.

You collected 184 gold pieces.

Inventory:

Hand Weapons
 a - a +1 dagger
 e - a +4 dagger (weapon)
Armour
 b - a +0 robe (worn)
 f - a +0 cloak (worn)
Jewellery
 g - an amulet of reflection (around neck)
Potions
 c - 3 potions of invisibility
 d - a potion of heal wounds
 h - a potion of magic
 i - 2 potions of curing
 j - 2 potions of haste
 k - a potion of cancellation {unknown}
 l - a potion of brilliance {unknown}


   Skills:
 - Level 1.1 Short Blades
 - Level 2.6 Dodging
 + Level 5.8 Stealth
 + Level 5.7 Spellcasting
 + Level 6.2 Hexes


You had 5 spell levels left.
You knew the following spells:

 Your Spells              Type           Power      Damage    Failure   Level
a - Ensorcelled Hibernat  Hex/Ice        28%        N/A       6%          2
b - Tukima's Dance        Hex            24%        N/A       3%          3
c - Confusing Touch       Hex            24%        N/A       3%          3
d - Dazzling Flash        Conj/Hex       28%        N/A       12%         3

Your spell library contained the following spells:

 Spells                   Type           Power      Damage    Failure   Level
 Beastly Appendage        Tmut           8%         N/A       14%         1
 Wereblood                Tmut           4%         N/A       22%         2
 Spider Form              Tmut/Pois      4%         N/A       38%         3
 Silence                  Hex/Air        7%         N/A       73%         5
 Agony                    Necr           4%         N/A       98%         5


Dungeon Overview and Level Annotations

Branches:
Dungeon (4/15)
 Temple: D:4-7

Altars:
Cheibriados
Elyvilon
Hepliaklqana
Okawaru
Ru
Uskayaw
Yredelemnul
The Shining One

Shops:
D:3 *


Innate Abilities, Weirdness & Mutations

You are very small and have problems with some larger weapons.
You are too small for most types of armour.
You have supernaturally acute eyesight. (SInv)
You cover ground extremely quickly. (Speed+++)


Message History

The orc wizard shouts!
You hear a shout!
Casting: Ensorcelled Hibernation (safe; 6% risk of failure)
Confirm with . or Enter, or press ? or * to list all spells.
Aiming: Ensorcelled Hibernation (safe; 6% risk of failure)
Press: ? - help, Shift-Dir - straight line, f - orc wizard, p - quokka
Aim: an orc wizard, wielding a +0 dagger, wearing a +0 robe and wearing a ring of wizardry (chance to affect: 48%)
The orc wizard resists with some effort.
Casting: Ensorcelled Hibernation (safe; 6% risk of failure)
Confirm with . or Enter, or press ? or * to list all spells.
You don't have enough magic to cast this spell.
Unknown command.
You hit the orc wizard.
The orc wizard is moderately wounded.
The orc wizard misses you.
You hit the orc wizard.
The orc wizard is moderately wounded.
The orc wizard misses you.
You closely miss the orc wizard.
The orc wizard is moderately wounded.
You hit the orc wizard but do no damage.
The orc wizard is moderately wounded.
The orc wizard casts a spell at you.
You are confused.
You are too confused!
You are too confused!
You miss the orc wizard.
The orc wizard is moderately wounded.
The orc wizard barely misses you.
You bump into the rock wall.
The orc wizard misses you.
You miss the orc wizard.
The orc wizard is moderately wounded.
The orc wizard completely misses you.
The orc warrior hits you from afar with a +0 halberd!
Ouch! That really hurt!
You hit the orc wizard.
The orc wizard is severely wounded.
The orc wizard hits you with a +0 dagger.
* * * LOW HITPOINT WARNING * * *
The orc warrior hits you from afar with a +0 halberd!
You die...

.....#### .##..P ........#
#.......P ........## #.#.###..
....r.... . ....###..
..o.....# #. #........
........# #. #.......#
.....##.# #.. #....>..#
#######.##### #.###.......#
#.......oo@.# #...#.......#
####.#####)###.#####..........
......#.....)...........####..
#...#.##.###.#####....#
#........##...........#
#...#.#####........#..#
#...#.#####........#..# #
#...K..............#..####.#
#..#$........#####.#.......


You could see an orc warrior and an orc wizard.

Vanquished Creatures
  An ogre (D:4)
  A scorpion (D:4)
  A hound (D:4)
  Crazy Yiuf (D:3)
  Robin (D:3)
  5 adders
  A worm (D:2)
  4 dart slugs
  An orc (D:4)
  7 bats
  7 endoplasms
  2 giant cockroaches
  13 goblins
  9 hobgoblins
  3 quokkas
  4 ball pythons
  4 kobolds
  4 rats
69 creatures vanquished.

Vanquished Creatures (others)
  A plant (D:4)
1 creature vanquished.

Grand Total: 70 creatures vanquished

Notes
Turn   | Place    | Note
-------+----------+-------------------------------------------
     0 | D:1      | Jardren the Spriggan Enchanter began the quest for the Orb.
     0 | D:1      | Reached XP level 1. HP: 9/9 MP: 5/5
   152 | D:1      | Reached skill level 4 in Hexes
   152 | D:1      | Reached XP level 2. HP: 13/13 MP: 7/7
   167 | D:1      | Learned a level 2 spell: Ensorcelled Hibernation
   590 | D:1      | Noticed a shining eye
   592 | D:1      | Found a faded altar of an unknown god.
   593 | D:1      | Noticed an eye of devastation
   593 | D:1      | Noticed a shining eye
   593 | D:1      | Noticed a floating eye
  1040 | D:2      | Reached XP level 3. HP: 16/16 MP: 9/9
  1050 | D:2      | Learned a level 3 spell: Tukima's Dance
  1054 | D:2      | Learned a level 3 spell: Confusing Touch
  1859 | D:2      | Reached skill level 5 in Hexes
  1859 | D:2      | Reached XP level 4. HP: 19/21 MP: 3/11
  2261 | D:3      | Found a sacrificial altar of Ru.
  2262 | D:3      | Found a snail-covered altar of Cheibriados.
  2264 | D:3      | Found a white marble altar of Elyvilon.
  2264 | D:3      | Found a hazy altar of Hepliaklqana.
  2264 | D:3      | Found an iron altar of Okawaru.
  2341 | D:3      | Found Zusanustri's General Store.
  2443 | D:3      | Found a glowing golden altar of the Shining One.
  2571 | D:3      | Found a runed translucent door.
  2572 | D:3      | Noticed Crazy Yiuf
  2579 | D:3      | Killed Crazy Yiuf
  2709 | D:3      | Found a hide-covered altar of Uskayaw.
  2709 | D:3      | Noticed a +0 falchion
  2709 | D:3      | Noticed a +0 dagger
  2709 | D:3      | Noticed a +0 short sword
  2710 | D:3      | Noticed a +0 dagger
  2711 | D:3      | Noticed a +0 spear
  2712 | D:3      | Noticed a +0 short sword
  2712 | D:3      | Noticed a +0 falchion
  2712 | D:3      | Noticed a +0 spear
  2851 | D:3      | Noticed Robin
  2856 | D:3      | Killed Robin
  2857 | D:3      | Reached XP level 5. HP: 17/24 MP: 5/13
  2997 | D:3      | Found a faded altar of an unknown god.
  3001 | D:3      | Found a basalt altar of Yredelemnul.
  3200 | D:4      | Learned a level 3 spell: Dazzling Flash
  3227 | D:4      | Reached skill level 5 in Spellcasting
  3237 | D:4      | Noticed an ogre
  3258 | D:4      | Reached skill level 5 in Stealth
  3300 | D:4      | Killed an ogre
  3301 | D:4      | Reached skill level 6 in Hexes
  3301 | D:4      | Reached XP level 6. HP: 28/28 MP: 0/15
  3582 | D:4      | Noticed an orc warrior
  3601 | D:4      | Slain by an orc warrior

Illustrated notes

Levels and vault maps discovered:
D:1:      spicycebolla_arrival_clurvy, layout_basic,
          hellmonk_ecumenical_altar_watching_god, minmay_hexomino_u4
D:2:      layout_rooms
D:3:      layout_loops_corners, nicolae_overflow_ecumenical_swirl,
          nicolae_uskayaw_en_pointe, grunt_temple_overflow_open,
          nicolae_overflow_hidden_temple, serial_shops, nicolae_diamond_shop,
          uniq_crazy_yiuf_cottage, uniq_robin
D:4:      layout_basic, mainiacjoe_overflow_boulevard

Skill      XL: |  1  2  3  4  5 |
---------------+----------------+-----
Spellcasting   | 3 4 5 |  5.7
Hexes          | 4 5 6 |  6.2
Stealth        | 5 |  5.8
Short Blades   | |  1.1
Dodging        | |  2.6

Action                   |  1- 3 |  4- 6 || total
-------------------------+-------+-------++-------
Melee: Dagger            |    89 |    85 ||   174
       Punch             |     1 |       ||     1
 Cast: Ensorcelled Hiber |     8 |    17 ||    25
       Tukima's Dance    |       |     4 ||     4
  Use: Scroll            |     5 |     3 ||     8
 Stab: Sleeping          |    19 |    17 ||    36
Armor: Robe              |     6 |    10 ||    16
Dodge: Dodged            |    47 |    47 ||    94
Block: Other             |    11 |    30 ||    41
       Reflection        |     1 |     2 ||     3

Table legend: (Time is in decaauts)
 A = Elapsed time spent in this place.
 B = Non-inter-level travel time spent in this place.
 C = Inter-level travel time spent in this place.
 D = Time resting spent in this place.
 E = Time spent auto-exploring this place.
 F = Levels seen in this place.
 G = Mean time per level.
                   A        B        C        D        E       F      G
               +--------+--------+--------+--------+--------+-----+--------+
         Total |   2752 |   2686 |     66 |    208 |   1951 |   4 |  688.0 |
       Dungeon |   2752 |   2686 |     66 |    208 |   1951 |   4 |  688.0 |
               +--------+--------+--------+--------+--------+-----+--------+

Top non-repeatable levels by time:
     D:2: 966 daAuts
     D:1: 771 daAuts
     D:3: 696 daAuts
     D:4: 317 daAuts
